 Dungeon Crawl Stone Soup version 0.31-b1-12-gca42e3d1b8 (webtiles) character file.

Game seed: 11193545957902957592

173 porpoise the Shooter (level 5, -3/32 HPs)
             Began as a Tengu Hunter on Jan 15, 2024.
             Slain by an orc wizard
             ... wielding a +0 dagger
              (4 damage)
             ... on level 3 of the Dungeon.
             The game lasted 00:06:31 (2561 turns).

porpoise the Shooter (Tengu Hunter)                 Turns: 2561, Time: 00:06:31

Health: -3/32      AC:  4    Str: 12    XL:     5   Next: 53%
Magic:  6/6        EV: 12    Int:  9    God:
Gold:   134        SH:  0    Dex: 19    Spells: 0/4 levels left

rFire   . . .        a - +0 shortbow
rCold   . . .        (shield currently unavailable)
rNeg    . . .        c - +1 leather armour
rPois   .            (helmet restricted)
rElec   .            (no cloak)
rCorr   .            (no gloves)
SInv    .            (boots unavailable)
Will    .....        (no amulet)
Stlth   ++           (no ring)
HPRegen 0.25/turn    (no ring)
MPRegen 0.10/turn

%: acrobat
@: no status effects
A: beak, talons 3, acrobatic
a: no special abilities


You were on level 3 of the Dungeon.
You visited 1 branch of the dungeon, and saw 4 of its levels.

You collected 134 gold pieces.

Inventory:

Hand Weapons
 a - a +0 shortbow (weapon)
 s - a +1 flail of protection
Missiles
 j - 6 poisoned darts
 m - 3 atropa-tipped darts
Armour
 c - a +1 leather armour (worn)
Magical Staves
 e - a staff of fire
Jewellery
 u - a ring of see invisible
Talismans
 h - a beast talisman
Wands
 v - a wand of roots (6)
Scrolls
 b - a scroll of butterflies
 f - a scroll of noise {unknown}
 k - a scroll of fog {unknown}
 n - a scroll of teleportation {unknown}
 p - a scroll of silence
 q - a scroll of poison {unknown}
 r - a scroll of enchant armour
Potions
 i - 3 potions of curing
 l - a potion of haste
 o - a potion of ambrosia {unknown}
 t - a potion of lignification {unknown}


   Skills:
 + Level 3.6 Fighting
 * Level 6.4 Ranged Weapons
 - Level 2.1 Dodging
 - Level 1.0 Stealth


You couldn't memorise any spells.
You knew the following spells:

 Your Spells              Type           Power      Damage    Failure   Level
o - Olgreb's Toxic Radia  Alch           0%         N/A       99%         4

Your spell library contained the following spells:

 Spells                   Type           Power      Damage    Failure   Level
 Lesser Beckoning         Tloc           0%         N/A       61%         2
 Gell's Gravitas          Tloc           0%         N/A       83%         3
 Hailstorm                Conj/Ice       0%         3d5       83%         3
 Summon Ice Beast         Ice/Summ       0%         N/A       83%         3
 Teleport Other           Tloc           0%         N/A       83%         3
 Sculpt Simulacrum        Ice/Alch       0%         N/A       100%        6
 Ozocubu's Refrigeration  Ice            0%         4d7       100%        7
 Discord                  Hex            0%         N/A       100%        8


Dungeon Overview and Level Annotations

Branches:
Dungeon (4/15)
 Temple: D:4-7

Altars:

Annotations:
D:2 1 runed translucent door, Crazy Yiuf


Innate Abilities, Weirdness & Mutations

You have a beak for a mouth.
You have claws for feet.
You can magically evade attacks while moving or waiting.


Message History

Fire: a) +0 shortbow
Press: ? - help, Q - select action, (/) - cycle Shift-Dir - straight line You shoot an arrow.
You hear some strange, mumbled words.
A puff of flame appears from out of thin air!
The puff of flame hits you.
Fire: a) +0 shortbow
Press: ? - help, Q - select action, (/) - cycle Shift-Dir - straight line You shoot an arrow.
Something hits you.
Unknown command.
Fire: a) +0 shortbow
Press: ? - help, Q - select action, (/) - cycle Shift-Dir - straight line You shoot an arrow.
Something barely misses you.
Unknown command.
Unknown command.
Unknown command.
You shoot an arrow.
You hear some strange, mumbled words.
A puff of flame appears from out of thin air!
The puff of flame hits you!
* * * LOW HITPOINT WARNING * * *
You shoot an arrow. Something hits you.
* * * LOW HITPOINT WARNING * * *
You shoot an arrow.
You hear some strange, mumbled words.
Something tries to affect you, but you resist.
Something hits you.
* * * LOW HITPOINT WARNING * * *
You shoot an arrow. Something hits you but does no damage.
You shoot an arrow. Something hits you but does no damage.
You shoot an arrow.
You hear some strange, mumbled words.
A magic dart appears from out of thin air!
The magic dart hits you but does no damage.
You shoot an arrow. Something hits you.
* * * LOW HITPOINT WARNING * * *
You shoot an arrow. Something hits you.
You die...

#.###..#.##.# ##......###[##....
#.###....#..# #.......##.#####.
........#..######............####
................................>
.......#..##..................###
..........#..........##.....#.##
..........#..............>.....#
...#.................#.........#
##.....#.#......@....#.........#
#..##.#.##......{.....[....####
#.###..............#..###### #.#
###.##.........#....## #.#
#............#.##..# #.#
###................####
##.#######...................###
#..............................##
#######....................#....#


There were no monsters in sight!

Vanquished Creatures
  A bombardier beetle (D:4)
  Terence (D:3)
  7 adders
  3 dart slugs (D:1)
  2 orcs
  5 ball pythons
  3 endoplasms
  4 giant cockroaches
  3 goblins
  2 hobgoblins (D:1)
  2 quokkas
  7 bats
  4 frilled lizards
  5 kobolds
  3 rats
52 creatures vanquished.

Notes
Turn   | Place    | Note
-------+----------+-------------------------------------------
     0 | D:1      | porpoise the Tengu Hunter began the quest for the Orb.
     0 | D:1      | Reached XP level 1. HP: 12/12 MP: 2/2
    91 | D:1      | Reached XP level 2. HP: 17/17 MP: 3/3
   186 | D:1      | Found a faded altar of an unknown god.
   264 | D:1      | Reached skill level 5 in Ranged Weapons
   542 | D:1      | Reached XP level 3. HP: 21/22 MP: 4/4
  1044 | D:2      | HP: 1/22 [ball python (2)]
  1046 | D:2      | Reached XP level 4. HP: 1/27 MP: 5/5
  1592 | D:2      | Found a runed translucent door.
  1593 | D:2      | Noticed Crazy Yiuf
  1873 | D:3      | Noticed Terence
  1887 | D:3      | Killed Terence
  1888 | D:3      | Reached skill level 6 in Ranged Weapons
  1888 | D:3      | Reached XP level 5. HP: 11/32 MP: 6/6
  2006 | D:3      | Learned a level 4 spell: Olgreb's Toxic Radiance
  2560 | D:3      | HP: 1/32 [something (2)]
  2561 | D:3      | Slain by an orc wizard

Illustrated notes

Levels and vault maps discovered:
D:1:      dpeg_arrival_arbitrary_a, layout_basic,
          hellmonk_ecumenical_altar_defaced_shrine, dk_noncrumbling_2,
          minmay_pentomino_z2
D:2:      layout_loops_ring, uniq_crazy_yiuf_cottage
D:3:      layout_rooms, minivault_23, uniq_terence
D:4:      layout_loops_ring, minmay_temple_entry_overgrown, uniq_duvessa

Skill      XL: |  1  2  3  4 |
---------------+-------------+-----
Ranged Weapons | 5 6 |  6.4
Fighting       | 3 |  3.6
Dodging        | |  2.1
Stealth        | |  1.0

Action                     |  1- 3 |  4- 6 || total
---------------------------+-------+-------++-------
   Fire: Shortbow          |    98 |   105 ||   203
    Use: Scroll            |       |     5 ||     5
         Potion            |       |     1 ||     1
 Armour: Leather armour    |    35 |    41 ||    76
  Dodge: Dodged            |    45 |    30 ||    75
